 Dungeon Crawl Stone Soup version 0.30.1-3-gfc49f6343a (webtiles) character file.

Game seed: 3126616132524726394

10224 101zpm the Thaumaturge (level 11, 0/66 HPs)
             Began as a Djinni Fire Elementalist on July 27, 2023.
             Slain by a vampire (1 damage)
             ... on level 10 of the Dungeon.
             The game lasted 00:37:39 (10212 turns).

101zpm the Thaumaturge (Djinni Fire Elementalist)  Turns: 10212, Time: 00:37:40

Health: 0/66       AC: 11    Str:  2    XL:     11   Next: 89%
Gold:   525        EV: 12    Int: 30    God:
                   SH:  0    Dex: 15

rFire   + + .        c - +2 whip (flame)
rCold   x . .        (no shield)
rNeg    . . .        D - +0 ring mail of the Beloved Wumpus {rElec Regen+ Str-5 Int+5}
rPois   ∞            L - +3 hat of Pondering {ponderous, Will+ MP+10 Int+5}
rElec   +            r - +0 cloak
rCorr   .            C - +0 pair of gloves
SInv    .            (boots unavailable)
Will    ++...        v - amulet of regeneration
Stlth   ++           u - +5 ring of evasion
HPRegen 1.91/turn    R - ring of wizardry
MPRegen 0.00/turn

%: wizardry (x1), infuse magic (-1 HP)
@: flying, slow
A: sickness immunity, fire resistance 2, cold vulnerability 1, float, innate
caster, HP casting, extra vitality 1
a: no special abilities


You were on level 10 of the Dungeon.
You visited 1 branch of the dungeon, and saw 10 of its levels.

You collected 547 gold pieces.
You spent 22 gold pieces at shops.

Inventory:

Hand Weapons
 c - a +2 whip of flaming (weapon)
 f - a +1 flail of holy wrath
Armour
 a - a +0 robe
 r - a +0 cloak (worn)
 C - a +0 pair of gloves (worn)
 D - the +0 ring mail of the Beloved Wumpus (worn) {rElec Regen+ Str-5 Int+5}
   (You found it on level 6 of the Dungeon)

   Str:       It affects your strength (-5).
   Int:       It affects your intelligence (+5).
   rElec:     It insulates you from electricity.
   Regen:     It increases your rate of health regeneration.
 I - a +2 robe of the Archmagi
 L - the +3 hat of Pondering (worn) {ponderous, Will+ MP+10 Int+5}
   (You took it off Gastronok on level 8 of the Dungeon)

   Int:       It affects your intelligence (+5).
   MP:        It affects your magic capacity (+10).
   Will:      It increases your willpower.
 M - a +1 helmet of intelligence
Jewellery
 u - a +5 ring of evasion (left hand)
 v - an amulet of regeneration (around neck)
 R - a ring of wizardry (right hand)
Wands
 n - a wand of paralysis (18)
 q - a wand of iceblast (25)
 x - a wand of mindburst (19)
 z - a wand of digging (6)
 P - a wand of flame (15)
Scrolls
 d - 2 scrolls of immolation
 i - a scroll of torment
 k - 2 scrolls of magic mapping
 l - 2 scrolls of enchant armour
 m - 5 scrolls of teleportation {unknown}
 p - a scroll of fear {unknown}
 s - 2 scrolls of amnesia {unknown}
 w - 6 scrolls of identify
 y - 2 scrolls of enchant weapon {unknown}
 B - 2 scrolls of noise {unknown}
 F - 2 scrolls of summoning {unknown}
 G - a scroll of acquirement {unknown}
 J - a scroll of blinking {unknown}
 K - 2 scrolls of vulnerability {unknown}
Potions
 b - 5 potions of brilliance {unknown}
 e - 2 potions of attraction {unknown}
 g - a potion of resistance {unknown}
 h - 4 potions of curing {unknown}
 j - 2 potions of haste {unknown}
 o - a potion of flight {unknown}
 t - 2 potions of mutation {unknown}
 A - 6 potions of might
 E - 9 potions of degeneration
 H - a potion of heal wounds {unknown}
 N - a potion of cancellation {unknown}
 O - 2 potions of berserk rage {unknown}
 Q - a potion of magic {unknown}


   Skills:
 + Level 0.4 Fighting
 + Level 4.6 Armour
 + Level 2.6 Dodging
 + Level 3.5 Stealth
 + Level 13.1 Spellcasting


You knew the following spells:

 Your Spells              Type           Power      Damage    Failure   Level
a - Foxfire               Conj/Fire      100%       2x1d9     1%          1
b - Scorch                Fire           100%       2d9       1%          2
c - Volatile Blastmotes   Fire/Tloc      100%       2d18      1%          3
d - Inner Flame           Hex/Fire       78%        N/A       1%          3
e - Flame Wave            Conj/Fire      78%        2d17      1%          4
f - Beastly Appendage     Tmut           100%       N/A       1%          1
g - Wereblood             Tmut           78%        N/A       1%          2
h - Spider Form           Tmut/Pois      78%        N/A       1%          3
i - Dazzling Flash        Conj/Hex       100%       N/A       1%          3
j - Summon Forest         Summ/Tloc      39%        N/A       1%          5
Your spell library was empty.

Dungeon Overview and Level Annotations

Branches:
Dungeon (10/15)            Temple (0/1) D:7            Lair (0/5) D:10
    Orc (0/2) D:9

Altars:
Ashenzari
Cheibriados
Gozag
Nemelex Xobeh
Ru
Wu Jian
Xom
Zin
The Shining One

Shops:
D:2 ?   D:8 :


Innate Abilities, Weirdness & Mutations

You are immune to sickness and miasma.
You are immune to poison.
Your flesh is very heat resistant. (rF++)
You are vulnerable to cold. (rC-)
You float through the air rather than walking.
You learn spells naturally, not from books.
Your magical power is your life essence.
You have superior vitality. (+4 MHP)


Message History

The vampire mosquito explodes!
The fiery explosion engulfs the vampire mosquito!!
You destroy the vampire mosquito!
The fiery explosion engulfs you. You resist.
Casting: Scorch (safe; 1% risk of failure)
Confirm with . or Enter, or press ? or * to list all spells.
Okay, then.
You are too injured to fight recklessly!
Casting: Foxfire (safe; 1% risk of failure)
Press: ? - help, Q - select action, (/) - cycle Dir - look around, f - activate You conjure some foxfire!
Casting: Foxfire (safe; 1% risk of failure)
Confirm with . or Enter, or press ? or * to list all spells.
Flames lash something.
The foxfire hits something but does no damage.
The foxfire hits something.
Something hits you! Something completely misses you.
Casting: Scorch (safe; 1% risk of failure)
Confirm with . or Enter, or press ? or * to list all spells.
Flames lash something.
* * * LOW HITPOINT WARNING * * *
Something hits you but does no damage. Something bites you!
* * * LOW HITPOINT WARNING * * *
Casting: Scorch (safe; 1% risk of failure)
Confirm with . or Enter, or press ? or * to list all spells.
Flames lash something.
* * * LOW HITPOINT WARNING * * *
Something hits you but does no damage. Something bites you.
* * * LOW HITPOINT WARNING * * *
Casting: Scorch (safe; 1% risk of failure)
Confirm with . or Enter, or press ? or * to list all spells.
Flames lash something.
* * * LOW HITPOINT WARNING * * *
Something hits you.
* * * LOW HITPOINT WARNING * * *
Something bites you.
* * * LOW HITPOINT WARNING * * *
Unknown command.
Something hits you.
You die...

##'## ##...##
##)....## ##.......##
...####<........####..
.....)'.§§......'.....
...####.§.§...|.#
##.§§....## ##{@...##
##...## ##'## #.# #.#
######.## #.......##
#.##.....# #........##


There were no monsters in sight!

Vanquished Creatures
  Gastronok (D:8)
  A two-headed ogre (D:10)
  Pikel (D:6)
  Maggie (D:6)
  A gargoyle (D:10)
  The ghost of faxtax the Shooter, a novice DEHu of Gozag (D:5)
  Prince Ribbit (D:7)
  A hornet (D:9)
  Eustachio (D:6)
  10 yaks
  A shadow (D:9)
  Grum (D:9)
  4 steam dragons
  2 wyverns
  2 basilisks (D:10)
  Menkaure (D:4)
  3 vampire mosquitoes (D:10)
  Duvessa (D:6)
  A swamp drake (D:9)
  2 orc warriors (D:9)
  2 ice beasts
  A black bear (D:8)
  4 wolves (D:9)
  3 centaurs
  2 ogres
  A lemure (D:6)
  2 phantoms
  2 kobold brigands
  2 scorpions (D:6)
  10 wights
  Dowan (D:6)
  12 killer bees
  5 orc priests
  3 hounds
  3 iguanas
  Ijyb (D:4)
  4 orc wizards (D:9)
  Robin (D:2)
  3 adders
  5 gnolls
  A shadow imp (D:7)
  4 ufetubi
  2 worms
  3 dart slugs
  35 orcs
  5 bats
  8 endoplasms
  12 goblins
  10 hobgoblins
  2 jackals (D:2)
  2 quokkas
  3 ball pythons
  2 frilled lizards (D:3)
  4 kobolds
  5 rats
202 creatures vanquished.

Vanquished Creatures (others)
  442 foxfires
442 creatures vanquished.

Grand Total: 644 creatures vanquished

Notes
Turn   | Place    | Note
-------+----------+-------------------------------------------
     0 | D:1      | 101zpm the Djinni Fire Elementalist began the quest for the
                  | Orb.
     0 | D:1      | 101zpm set off with the following spells memorised:
                  | Foxfire, Scorch, Volatile Blastmotes, Inner Flame, Flame
                  | Wave.
     0 | D:1      | Reached XP level 1. HP: 15/15 MP: 0/0
   134 | D:2      | Reached XP level 2. HP: 20/21 MP: 0/0
   359 | D:2      | Found a shimmering altar of Xom.
   496 | D:2      | Reached skill level 3 in Spellcasting
   601 | D:2      | Reached XP level 3. HP: 23/25 MP: 0/0
   601 | D:2      | Learned a level 1 spell: Beastly Appendage
   648 | D:2      | Found Riskaom's Magic Scroll Shoppe.
   936 | D:2      | Noticed Robin
   942 | D:2      | Killed Robin
  1022 | D:2      | Reached XP level 4. HP: 21/31 MP: 0/0
  2254 | D:4      | Noticed Menkaure
  2257 | D:4      | Killed Menkaure
  2258 | D:4      | Reached skill level 4 in Spellcasting
  2258 | D:4      | Reached XP level 5. HP: 30/35 MP: 0/0
  2258 | D:4      | Learned a level 2 spell: Wereblood
  2258 | D:4      | Reached XP level 6. HP: 34/40 MP: 0/0
  2593 | D:4      | Noticed Ijyb
  2600 | D:4      | Killed Ijyb
  2881 | D:3      | Reached skill level 5 in Spellcasting
  3463 | D:3      | Found a sparkling altar of Nemelex Xobeh.
  3463 | D:3      | Found an opulent altar of Gozag.
  3470 | D:3      | Found a glowing golden altar of the Shining One.
  3502 | D:3      | Found a snail-covered altar of Cheibriados.
  3874 | D:3      | Noticed an ice beast
  3878 | D:3      | Killed an ice beast
  3879 | D:3      | Reached XP level 7. HP: 36/45 MP: 0/0
  3879 | D:3      | Learned a level 3 spell: Spider Form
  4326 | D:2      | Bought a scroll of identify for 22 gold pieces
  4411 | D:5      | Entered Level 5 of the Dungeon
  4484 | D:5      | Reached skill level 6 in Spellcasting
  4769 | D:5      | Reached XP level 8. HP: 44/50 MP: 0/0
  4817 | D:5      | Found a glowing silver altar of Zin.
  4834 | D:5      | Found a sacrificial altar of Ru.
  4902 | D:5      | Reached skill level 7 in Spellcasting
  5310 | D:5      | Found a runed translucent gate.
  5310 | D:5      | Found a runed translucent gate.
  5310 | D:5      | Noticed faxtax's ghost (novice DEHu)
  5311 | D:5      | Found a runed translucent gate.
  5702 | D:6      | Noticed Pikel
  5712 | D:6      | Killed Pikel
  5713 | D:6      | Reached skill level 8 in Spellcasting
  5713 | D:6      | Reached XP level 9. HP: 17/55 MP: 0/0
  5713 | D:6      | Learned a level 3 spell: Dazzling Flash
  5801 | D:6      | Identified the +0 ring mail of the Beloved Wumpus {rElec
                  | Regen+ Str-5 Int+5}
  5855 | D:6      | Noticed Maggie
  5863 | D:6      | Killed Maggie
  5864 | D:6      | Reached skill level 9 in Spellcasting
  5970 | D:6      | Noticed Eustachio
  5981 | D:6      | Killed Eustachio
  6206 | D:6      | Noticed Duvessa
  6206 | D:6      | Noticed Dowan
  6209 | D:6      | Killed Duvessa
  6209 | D:6      | Killed Dowan
  6601 | D:7      | Noticed Prince Ribbit
  6613 | D:7      | Killed Prince Ribbit
  6818 | D:7      | Reached skill level 10 in Spellcasting
  6818 | D:7      | Reached XP level 10. HP: 47/60 MP: 0/0
  7082 | D:7      | Found a staircase to the Ecumenical Temple.
  7706 | D:8      | Found a broken altar of Ashenzari.
  7724 | D:8      | Reached skill level 1 in Armour
  7931 | D:8      | Noticed Gastronok
  7947 | D:8      | Killed Gastronok
  7948 | D:8      | Reached skill level 11 in Spellcasting
  8014 | D:8      | Found Wuediofo's Book Emporium.
  8546 | D:5      | Killed faxtax's ghost
  8777 | D:9      | Noticed Grum
  8794 | D:9      | Killed Grum
  8795 | D:9      | Reached XP level 11. HP: 53/66 MP: 0/0
  8795 | D:9      | Learned a level 5 spell: Summon Forest
  9116 | D:9      | Reached skill level 12 in Spellcasting
  9578 | D:9      | Found a staircase to the Orcish Mines.
  9847 | D:10     | Entered Level 10 of the Dungeon
  9905 | D:10     | Found an ornate altar of the Wu Jian Council.
 10147 | D:10     | Found a staircase to the Lair.
 10191 | D:10     | Noticed a two-headed ogre
 10195 | D:10     | Killed a two-headed ogre
 10196 | D:10     | Reached skill level 13 in Spellcasting
 10211 | D:10     | HP: 1/66 [something (4)]
 10212 | D:10     | Slain by a vampire

Illustrated notes

Levels and vault maps discovered:
D:1:      amcnicky_arrival_underground_garden, layout_rooms
D:2:      layout_loops_corners, serial_shops,
          nicolae_shop_temple_entry_statues_fountains, basic_altar, uniq_robin
D:3:      layout_loops_corners, chequers_temple_overflow_minitemple,
          minmay_divided_ellipse
D:4:      layout_basic, uniq_menkaure, uniq_ijyb
D:5:      layout_loops_ring, zin_treasury, nicolae_ru_awakened_eye,
          biasface_ghost_orc_armoury
D:6:      dreamdust_elfheim, layout_loops_ring, uniq_eustachio, uniq_maggie,
          uniq_pikel
D:7:      layout_loops_corners, minmay_temple_entry_hall, uniq_prince_ribbit1
D:8:      nicolae_cairo_tiling_large_dashed, layout_loops_corners,
          ashenzari_altar_1, serial_shops, nicolae_take_the_stairs,
          patterned_corridor, uniq_gastronok
D:9:      layout_basic, erik_orc_1, chequers_serial_rivers_small_3, uniq_grum
D:10:     layout_loops_corners, nzn_wu_jian_council_hall, david_lair_generic,
          uniq_sonja

Skill      XL: |  1  2  3  4  5  6  7  8  9 10 11 |
---------------+----------------------------------+-----
Spellcasting   | 3 4 5 6 8 10 11 13 | 13.1
Stealth        | 2 3 |  3.5
Armour         | 3 4 |  4.6
Fighting       | |  0.4
Dodging        | |  2.6

Action                     |  1- 3 |  4- 6 |  7- 9 | 10-12 || total
---------------------------+-------+-------+-------+-------++-------
   Cast: Foxfire           |    51 |    73 |    83 |    89 ||   296
         Scorch            |    12 |    27 |    36 |    72 ||   147
         Beastly Appendage |     1 |     4 |     9 |     9 ||    23
         Inner Flame       |       |     9 |    46 |    72 ||   127
         Wereblood         |       |     3 |     6 |     8 ||    17
         Spider Form       |       |       |     6 |     7 ||    13
         Volatile Blastmot |       |       |     4 |     4 ||     8
    Use: Scroll            |       |       |     4 |       ||     4
 Armour: Robe              |       |       |     1 |       ||     1
         Ring mail         |       |       |     1 |    14 ||    15
  Dodge: Dodged            |       |     1 |     8 |    26 ||    35
